General information
			
			
        
        - name: BNet
 
        - type: Ladder 1vs1/FFA
 
        - host: Battle.net
 
        - saver: TALONSAREIMBA
 
        
map: TurtleRock 
        - players: 2
 
        - length: 21:55
 
        - speed: Fast
 - version: 1.21 W3XP
 - replay type:  Public
 
» download(93 KB)
Players
        team 1 (winner) 
              
              
TALONSAREIMBA (
red | 117 APM | 2574 actions | 21:55)
              
 5 Death Knight 
 3 Death Coil
 2 Unholy Aura
 4 Lich 
 2 Frost Nova
 2 Dark Ritual
 3 Dreadlord 
 1 Carrion Swarm
 2 Sleep
 
                » actions 
                
                | Assign group hotkey | 23 |  | 
| Basic commands | 162 |  | 
| Build / train | 61 |  | 
| Enter build submenu | 15 |  | 
| Enter hero's abilities submenu | 12 |  | 
| Give item / drop item | 9 |  | 
| Right click | 1011 |  | 
| Select / deselect | 464 |  | 
| Select group hotkey | 746 |  | 
| Use ability | 71 |  | 
                2574 total
 » units 
                
                | Acolyte | 8 |  | 
| Ghoul | 2 |  | 
| Crypt Fiend | 6 |  | 
| Frost Wyrm | 6 |  | 
                22 total
 » upgrades
                
                | Creature Attack | 2 |  | 
| Burrow | 1 |  | 
| Web | 1 |  | 
| Creature Carapace | 3 |  | 
                7 total
 » buildings
                
                | Crypt | 1 |  | 
| Graveyard | 1 |  | 
| Altar of Darkness | 1 |  | 
| Ziggurat | 6 |  | 
| Tomb of Relics | 1 |  | 
| Halls of the Dead | 3 |  | 
| Black Citadel | 1 |  | 
| Sacrificial Pit | 1 |  | 
| Boneyard | 1 |  | 
                16 total
 » build order
                00:06 Crypt
00:19 Graveyard
00:42 Altar of Darkness
00:57 Ziggurat
01:23 Tomb of Relics
02:01 Ziggurat
04:08 Halls of the Dead
04:08 Halls of the Dead
04:23 Ziggurat
06:27 Ziggurat
07:15 Black Citadel
08:54 Sacrificial Pit
09:49 Boneyard
10:53 Ziggurat
13:44 Ziggurat
» items
                
                | Rod of Necromancy | 2 |  | 
| Potion of Healing | 3 |  | 
| Scroll of Town Portal | 4 |  | 
| Potion of Mana | 1 |  | 
| Orb of Corruption | 1 |  | 
| Potion of Lesser Invulnerability | 1 |  | 
                12 total
  
               team 2 (loser) 
              
              
JacOjr[Psy] (
teal | 167 APM | 3646 actions | 21:53)
              
 5 Lich 
 3 Frost Nova
 2 Dark Ritual
 5 Death Knight 
 3 Death Coil
 2 Unholy Aura
 1 Crypt Lord 
 1 Impale
 
                » actions 
                
                | Assign group hotkey | 135 |  | 
| Basic commands | 293 |  | 
| Build / train | 90 |  | 
| Enter build submenu | 26 |  | 
| Enter hero's abilities submenu | 12 |  | 
| Give item / drop item | 8 |  | 
| Remove unit from queue | 1 |  | 
| Right click | 1003 |  | 
| Select / deselect | 600 |  | 
| Select group hotkey | 1343 |  | 
| Use ability | 135 |  | 
                3646 total
 » units 
                
                | Acolyte | 8 |  | 
| Ghoul | 3 |  | 
| Crypt Fiend | 13 |  | 
| Obsidian Statue | 3 |  | 
| Frost Wyrm | 3 |  | 
                30 total
 » upgrades
                
                | Creature Attack | 1 |  | 
| Web | 1 |  | 
| Creature Carapace | 1 |  | 
| Destroyer Form | 1 |  | 
| Burrow | 1 |  | 
                5 total
 » buildings
                
                | Graveyard | 1 |  | 
| Crypt | 1 |  | 
| Ziggurat | 9 |  | 
| Altar of Darkness | 1 |  | 
| Tomb of Relics | 1 |  | 
| Halls of the Dead | 2 |  | 
| Slaughterhouse | 1 |  | 
| Black Citadel | 2 |  | 
| Sacrificial Pit | 1 |  | 
| Boneyard | 1 |  | 
                20 total
 » build order
                00:07 Graveyard
00:15 Crypt
00:37 Ziggurat
00:55 Altar of Darkness
01:44 Tomb of Relics
02:09 Ziggurat
02:14 Ziggurat
03:38 Halls of the Dead
04:02 Ziggurat
06:25 Ziggurat
07:21 Slaughterhouse
08:07 Black Citadel
08:07 Black Citadel
08:49 Ziggurat
09:53 Sacrificial Pit
10:03 Ziggurat
11:11 Boneyard
14:46 Ziggurat
18:27 Ziggurat
» items
                
                | Rod of Necromancy | 5 |  | 
| Orb of Corruption | 1 |  | 
| Scroll of Town Portal | 1 |  | 
| Potion of Lesser Invulnerability | 1 |  | 
                8 total
  
                Chat log
          (00:10 / All) JacOjr[Psy]: hi
(01:22 / All) JacOjr[Psy]: hi